| TOP OF THE 1ST |
|
Nashville Sounds batting - Pitching for Omaha Storm Chasers : LHP Walter Whiteman
|
|
Pitching: LHP Walter Whiteman
|
|
|
Batting: RHB Yonetoshi Muranaka
|
0-0: Called Strike 0-1: Swinging Strike 0-2: Ball 1-2: Ball 2-2: Ball 3-2: Base on Balls
|
|
Batting: RHB Robby Godwin
|
0-0: Ball 1-0: Ball 2-0: Called Strike 2-1: Ball 3-1: Foul Ball, location: 2F 3-2: Ground out 5-3 (Groundball, 56, EV 88.1 MPH) Yonetoshi Muranaka to second
|
|
Batting: RHB Jorge Bernal
|
0-0: Ball 1-0: Called Strike Yonetoshi Muranaka steals 3rd base 1-1: Ball 2-1: Fly out, F8 (Flyball, 78D, EV 87.5 MPH) Runner from 3rd tags up, SCORES, no throw by CF
|
|
Batting: LHB Andy Schumacher
|
0-0: Foul Ball, location: 2F 0-1: Ball 1-1: Ball 2-1: SINGLE (Groundball, 34D, EV 105.6 MPH)
|
|
Batting: RHB Wade Diamond
|
0-0: Called Strike 0-1: Ball 1-1: Foul Ball, location: 2F 1-2: Fielders Choice at 2nd, 5-4 (Groundball, 5, EV 85.6 MPH)
|
| Top of the 1st over - 1 run, 1 hit, 0 errors, 1 left on base; Nashville 1 - Omaha 0 |
| BOTTOM OF THE 1ST |
|
Omaha Storm Chasers batting - Pitching for Nashville Sounds : RHP Aaron Garard
|
|
Pitching: RHP Aaron Garard
|
|
|
Batting: LHB Jim Pankratz
|
0-0: Called Strike 0-1: Foul Ball, location: 2F 0-2: Ball 1-2: Ball 2-2: Ball 3-2: Foul Ball, location: 2F 3-2: Foul Ball, location: 2F 3-2: Strikes out swinging
|
|
Batting: LHB Robby Diaz
|
0-0: Called Strike 0-1: SINGLE (Line Drive, 34D, EV 100.6 MPH)
|
|
Batting: LHB Manny Estrada
|
0-0: Ball 1-0: Fly out, F8 (Flyball, 78D, EV 99.4 MPH)
|
|
Batting: RHB Walt Cogswell
|
0-0: Ball 1-0: Foul Ball, location: 2F 1-1: Foul Ball, location: 2F 1-2: Strikes out swinging
|
| Bottom of the 1st over - 0 runs, 1 hit, 0 errors, 1 left on base; Nashville 1 - Omaha 0 |
| TOP OF THE 2ND |
|
Nashville Sounds batting - Pitching for Omaha Storm Chasers : LHP Walter Whiteman
|
|
Batting: RHB Eduardo Chavez
|
0-0: Swinging Strike 0-1: Ball 1-1: Ball 2-1: Ball 3-1: Ground out 4-3 (Groundball, 13, EV 85.6 MPH)
|
|
Batting: SHB D.J. Codd
|
0-0: Called Strike 0-1: Fly out, F9 (Line Drive, 89M, EV 95.0 MPH)
|
|
Batting: LHB Zachary DeLuca
|
0-0: Ball 1-0: Ground out 4-3 (Groundball, 4D, EV 103.1 MPH)
|
| Top of the 2nd over - 0 runs, 0 hits, 0 errors, 0 left on base; Nashville 1 - Omaha 0 |
| BOTTOM OF THE 2ND |
|
Omaha Storm Chasers batting - Pitching for Nashville Sounds : RHP Aaron Garard
|
|
Batting: RHB Eric Sandell
|
0-0: SINGLE (Line Drive, 34D, EV 106.2 MPH)
|
|
Batting: SHB Ryoji Hiraoka
|
0-0: Swinging Strike 0-1: Called Strike 0-2: Strikes out swinging
|
|
Batting: RHB Yuichi Takata
|
0-0: Foul Ball, location: 2F 0-1: Fly out, F9 (Flyball, 9S, EV 91.9 MPH)
|
|
Batting: RHB Aaron Matthews
|
0-0: Ball 1-0: Fly out, F8 (Line Drive, 8LD, EV 97.5 MPH)
|
| Bottom of the 2nd over - 0 runs, 1 hit, 0 errors, 1 left on base; Nashville 1 - Omaha 0 |
| TOP OF THE 3RD |
|
Nashville Sounds batting - Pitching for Omaha Storm Chasers : LHP Walter Whiteman
|
|
Batting: RHB Shinji Aizawa
|
0-0: Ball 1-0: Foul Ball, location: 2F 1-1: Ball 2-1: Ball 3-1: Foul Ball, location: 2F 3-2: Strikes out swinging
|
|
Batting: RHB Yonetoshi Muranaka
|
0-0: Called Strike 0-1: Ball 1-1: Foul Ball, location: 2F 1-2: Ball 2-2: Ground out 6-3 (Groundball, 6, EV 87.5 MPH)
|
|
Batting: RHB Robby Godwin
|
0-0: Ball 1-0: Ground out 4-3 (Groundball, 34D, EV 83.1 MPH)
|
| Top of the 3rd over - 0 runs, 0 hits, 0 errors, 0 left on base; Nashville 1 - Omaha 0 |
| BOTTOM OF THE 3RD |
|
Omaha Storm Chasers batting - Pitching for Nashville Sounds : RHP Aaron Garard
|
|
Batting: LHB Chris Eaker
|
0-0: Foul Ball, location: 2F 0-1: Ground out 5-3 (Groundball, 56, EV 105.6 MPH)
|
|
Batting: LHB Jim Pankratz
|
0-0: Fly out, F7 (Line Drive, 78M, EV 94.4 MPH)
|
|
Batting: LHB Robby Diaz
|
0-0: Reached on error, E5 (Groundball, 56, EV 86.9 MPH)
|
|
Batting: LHB Manny Estrada
|
0-0: Ground out 4-3 (Groundball, 4M, EV 105.0 MPH)
|
| Bottom of the 3rd over - 0 runs, 0 hits, 1 error, 1 left on base; Nashville 1 - Omaha 0 |
| TOP OF THE 4TH |
|
Nashville Sounds batting - Pitching for Omaha Storm Chasers : LHP Walter Whiteman
|
|
Pitching: RHP Adam Sullivan
|
|
|
Batting: RHB Jorge Bernal
|
0-0: Ground out 3-1 (Groundball, 34, EV 96.9 MPH)
|
|
Batting: LHB Andy Schumacher
|
0-0: Called Strike 0-1: Swinging Strike 0-2: Ball 1-2: Ball 2-2: Foul Ball, location: 2F 2-2: Foul Ball, location: 2F 2-2: Ground out 2-3 (Groundball, 2L, EV 61.2 MPH)
|
|
Batting: RHB Wade Diamond
|
0-0: SINGLE (Groundball, 15S, EV 65.0 MPH) (infield hit)
|
|
Batting: RHB Eduardo Chavez
|
0-0: Called Strike Wade Diamond steals 2nd base 0-1: Foul Ball, location: 2F 0-2: SINGLE (Groundball, 56S, EV 65.6 MPH) (infield hit) Wade Diamond to third
|
|
Batting: SHB D.J. Codd
|
0-0: Ball 1-0: Foul Ball, location: 2F 1-1: Swinging Strike 1-2: Strikes out looking
|
| Top of the 4th over - 0 runs, 2 hits, 0 errors, 2 left on base; Nashville 1 - Omaha 0 |
| BOTTOM OF THE 4TH |
|
Omaha Storm Chasers batting - Pitching for Nashville Sounds : RHP Aaron Garard
|
|
Batting: RHB Walt Cogswell
|
0-0: Ball 1-0: Foul Ball, location: 2F 1-1: Called Strike 1-2: Ball 2-2: Ball 3-2: Ground out 6-3 (Groundball, 6, EV 81.9 MPH)
|
|
Batting: RHB Eric Sandell
|
0-0: Foul Ball, location: 2F 0-1: SINGLE (Groundball, 56D, EV 95.0 MPH)
|
|
Batting: SHB Ryoji Hiraoka
|
0-0: Ball 1-0: Foul Ball, location: 2F 1-1: Ball 2-1: Called Strike 2-2: Ball 3-2: SINGLE (Flyball, 89S, EV 96.9 MPH) Eric Sandell to second
|
|
Batting: RHB Yuichi Takata
|
0-0: Ball 1-0: Ball 2-0: Called Strike 2-1: Ball 3-1: Foul Ball, location: 2F 3-2: Fly out, F7 (Flyball, 78D, EV 106.2 MPH)
|
|
Batting: RHB Aaron Matthews
|
0-0: Called Strike 0-1: Called Strike 0-2: Ball 1-2: Strikes out swinging, 2-3 out at first.
|
| Bottom of the 4th over - 0 runs, 2 hits, 0 errors, 2 left on base; Nashville 1 - Omaha 0 |
| TOP OF THE 5TH |
|
Nashville Sounds batting - Pitching for Omaha Storm Chasers : RHP Adam Sullivan
|
|
Batting: LHB Zachary DeLuca
|
0-0: Fly out, F8 (Flyball, 78S, EV 86.9 MPH)
|
|
Batting: RHB Shinji Aizawa
|
0-0: Ball 1-0: Ball 2-0: Foul Ball, location: 2F 2-1: Ball 3-1: Base on Balls
|
|
Batting: RHB Yonetoshi Muranaka
|
0-0: Called Strike 0-1: Ball 1-1: Ball 2-1: SINGLE (Flyball, 89S, EV 93.1 MPH) Shinji Aizawa to second
|
|
Batting: RHB Robby Godwin
|
0-0: Called Strike 0-1: Ball 1-1: Ball 2-1: SINGLE (Groundball, 34D, EV 103.8 MPH) Shinji Aizawa to third Yonetoshi Muranaka to second Runner from 3rd tries for Home, SAFE, throw by RF to trailing runner, SAFE at third!
|
|
Batting: RHB Jorge Bernal
|
0-0: Foul Ball, location: 2F 0-1: Ball 1-1: Called Strike 1-2: Fly out, F7 (Flyball, 78D, EV 102.5 MPH) Runner from 3rd tags up, SCORES, throw by LF
|
|
Batting: LHB Andy Schumacher
|
0-0: Ball Robby Godwin steals 2nd base 1-0: DOUBLE (Line Drive, 7LM, EV 96.2 MPH) Robby Godwin scores
|
|
Pitching: RHP Terry Romaine
|
|
|
Batting: RHB Wade Diamond
|
0-0: Ball 1-0: Foul Ball, location: 2F 1-1: Foul Ball, location: 2F 1-2: Foul Ball, location: 2F 1-2: Ball 2-2: SINGLE (Line Drive, 78S, EV 95.6 MPH) Andy Schumacher to third
|
|
Batting: RHB Eduardo Chavez
|
0-0: Called Strike 0-1: Swinging Strike 0-2: Fielders Choice at 2nd, 6-4 (Groundball, 6, EV 85.0 MPH)
|
| Top of the 5th over - 3 runs, 4 hits, 0 errors, 2 left on base; Nashville 4 - Omaha 0 |
| BOTTOM OF THE 5TH |
|
Omaha Storm Chasers batting - Pitching for Nashville Sounds : RHP Aaron Garard
|
|
Batting: LHB Chris Eaker
|
0-0: Ground out 6-3 (Groundball, 6, EV 105.0 MPH)
|
|
Batting: LHB Jim Pankratz
|
0-0: Ball 1-0: Called Strike 1-1: Ball 2-1: Foul Ball, location: 2F 2-2: Ground out 6-3 (Groundball, 6S, EV 91.9 MPH)
|
|
Batting: LHB Robby Diaz
|
0-0: Foul Ball, location: 2F 0-1: Ball 1-1: Ground out 6-3 (Groundball, 6M, EV 87.5 MPH)
|
| Bottom of the 5th over - 0 runs, 0 hits, 0 errors, 0 left on base; Nashville 4 - Omaha 0 |
| TOP OF THE 6TH |
|
Nashville Sounds batting - Pitching for Omaha Storm Chasers : RHP Terry Romaine
|
|
Batting: SHB D.J. Codd
|
0-0: DOUBLE (Line Drive, 78D, EV 106.2 MPH)
|
|
Batting: LHB Zachary DeLuca
|
0-0: Called Strike 0-1: Ball 1-1: Ground out 4-3 (Groundball, 34, EV 83.1 MPH) D.J. Codd to third
|
|
Batting: RHB Shinji Aizawa
|
0-0: Foul Ball, location: 2F 0-1: Ball 1-1: Ball 2-1: Ball 3-1: Foul Ball, location: 2F 3-2: Base on Balls
|
|
Batting: RHB Yonetoshi Muranaka
|
0-0: SINGLE (Line Drive, 56D, EV 96.9 MPH) D.J. Codd scores Shinji Aizawa to second
|
|
Batting: RHB Robby Godwin
|
0-0: DOUBLE (Line Drive, 78M, EV 89.4 MPH) Shinji Aizawa scores Yonetoshi Muranaka to third
|
|
Batting: RHB Jorge Bernal
|
0-0: Swinging Strike 0-1: Ball 1-1: Fly out, F8 (Flyball, 8LS, EV 73.1 MPH) Runner from 3rd tags up, OUT at HOME! 8-2
|
| Top of the 6th over - 2 runs, 3 hits, 0 errors, 1 left on base; Nashville 6 - Omaha 0 |
| BOTTOM OF THE 6TH |
|
Omaha Storm Chasers batting - Pitching for Nashville Sounds : RHP Aaron Garard
|
|
Batting: LHB Manny Estrada
|
0-0: Ball 1-0: Ball 2-0: Foul Ball, location: 2F 2-1: Ball 3-1: Base on Balls
|
|
Batting: RHB Walt Cogswell
|
0-0: Ball 1-0: Ball 2-0: Ball 3-0: Called Strike 3-1: Swinging Strike 3-2: Strikes out swinging
|
|
Batting: RHB Eric Sandell
|
0-0: Called Strike 0-1: Swinging Strike 0-2: Foul Ball, location: 2F 0-2: Ball 1-2: Foul Ball, location: 2F 1-2: Foul Ball, location: 2F 1-2: Ball 2-2: Ball 3-2: Grounds into double play, 1-6-3 (Groundball, 23, EV 70.0 MPH)
|
| Bottom of the 6th over - 0 runs, 0 hits, 0 errors, 0 left on base; Nashville 6 - Omaha 0 |
| TOP OF THE 7TH |
|
Nashville Sounds batting - Pitching for Omaha Storm Chasers : RHP Terry Romaine
|
|
Batting: LHB Andy Schumacher
|
0-0: Ball 1-0: Ball 2-0: Ball 3-0: Base on Balls
|
|
Batting: RHB Wade Diamond
|
0-0: Ball 1-0: SINGLE (Groundball, 4MD, EV 103.8 MPH) (infield hit) Andy Schumacher to second
|
|
Batting: RHB Eduardo Chavez
|
0-0: Called Strike 0-1: Foul Ball, location: 2F 0-2: Ball 1-2: Strikes out swinging
|
|
Batting: SHB D.J. Codd
|
0-0: Called Strike 0-1: Hit by Pitch Andy Schumacher to third Wade Diamond to second
|
|
Batting: LHB Zachary DeLuca
|
0-0: Foul Ball, location: 2F 0-1: Fielders Choice at 2nd, 4-6 (Groundball, 4, EV 88.1 MPH) Andy Schumacher scores Wade Diamond to third
|
|
Now at SS: Oren Jones
|
|
|
Batting: RHB Shinji Aizawa
|
0-0: Swinging Strike 0-1: Ball 1-1: Foul Ball, location: 2F 1-2: Strikes out looking
|
| Top of the 7th over - 1 run, 1 hit, 0 errors, 2 left on base; Nashville 7 - Omaha 0 |
| BOTTOM OF THE 7TH |
|
Omaha Storm Chasers batting - Pitching for Nashville Sounds : RHP Aaron Garard
|
|
Pinch Hitting: RHB Chad Sullivan
|
0-0: Ball 1-0: Swinging Strike 1-1: Foul Ball, location: 2F 1-2: Strikes out swinging
|
|
Pinch Hitting: RHB Ken Postlethwaite
|
0-0: Foul Ball, location: 2F 0-1: Called Strike 0-2: Ground out 6-3 (Groundball, 6MD, EV 108.1 MPH)
|
|
Pinch Hitting: RHB Mike Strey
|
0-0: Called Strike 0-1: Ball 1-1: Foul Ball, location: 2F 1-2: Strikes out looking
|
| Bottom of the 7th over - 0 runs, 0 hits, 0 errors, 0 left on base; Nashville 7 - Omaha 0 |
| TOP OF THE 8TH |
|
Nashville Sounds batting - Pitching for Omaha Storm Chasers : RHP Terry Romaine
|
|
Now at 2B: Ken Postlethwaite
|
|
|
Now at 3B: Mike Strey
|
|
|
Now in CF: Chad Sullivan
|
|
|
Now in RF: Robby Diaz
|
|
|
Batting: RHB Yonetoshi Muranaka
|
0-0: Swinging Strike 0-1: Foul Ball, location: 2F 0-2: Ball 1-2: Ground out 5-3 (Groundball, 15, EV 90.6 MPH)
|
|
Batting: RHB Robby Godwin
|
0-0: Called Strike 0-1: Ball 1-1: Swinging Strike 1-2: Foul Ball, location: 2F 1-2: Ball 2-2: Strikes out swinging
|
|
Batting: RHB Jorge Bernal
|
0-0: Ball 1-0: Foul Ball, location: 2F 1-1: Called Strike 1-2: SINGLE (Groundball, P, EV 80.6 MPH) (infield hit)
|
|
Pitching: RHP Brandon Ferrari
|
|
|
Batting: LHB Andy Schumacher
|
0-0: Foul Ball, location: 2F 0-1: Called Strike 0-2: Ball 1-2: Ball 2-2: Strikes out looking
|
| Top of the 8th over - 0 runs, 1 hit, 0 errors, 1 left on base; Nashville 7 - Omaha 0 |
| BOTTOM OF THE 8TH |
|
Omaha Storm Chasers batting - Pitching for Nashville Sounds : RHP Aaron Garard
|
|
Batting: LHB Chris Eaker
|
0-0: SOLO HOME RUN (Flyball, 9LD, EV 95.6 MPH), Distance : 347 ft
|
|
Batting: LHB Jim Pankratz
|
0-0: SINGLE (Groundball, 56, EV 106.2 MPH) (infield hit)
|
|
Batting: LHB Robby Diaz
|
0-0: Called Strike 0-1: Swinging Strike 0-2: Ball 1-2: Strikes out looking
|
|
Batting: LHB Manny Estrada
|
0-0: Ball 1-0: Ball 2-0: Called Strike 2-1: Foul Ball, location: 2F 2-2: Ball 3-2: Base on Balls Jim Pankratz to second
|
|
Pitching: RHP Elijah Everett
|
|
|
Pinch Hitting: LHB Danny Bailey
|
0-0: Called Strike 0-1: Called Strike 0-2: Ball 1-2: Strikes out looking
|
|
Batting: RHB Eric Sandell
|
0-0: Ball 1-0: Ball 2-0: Called Strike 2-1: Ball 3-1: Base on Balls Jim Pankratz to third Manny Estrada to second
|
|
Pinch Hitting: SHB Francisco Gutierrez
|
0-0: Ball 1-0: Ball 2-0: Ball 3-0: Called Strike 3-1: Base on Balls Jim Pankratz scores Manny Estrada to third Eric Sandell to second
|
|
Batting: RHB Ken Postlethwaite
|
0-0: Called Strike 0-1: Ball 1-1: Ball 2-1: Foul Ball, location: 2F 2-2: Ball 3-2: Foul Ball, location: 2F 3-2: Base on Balls Manny Estrada scores Eric Sandell to third Francisco Gutierrez to second
|
|
Pinch Hitting: LHB Willie Gutierrez
|
0-0: Called Strike 0-1: Ball 1-1: Ball 2-1: Foul Ball, location: 2F 2-2: Foul Ball, location: 2F 2-2: Ball 3-2: Strikes out swinging
|
| Bottom of the 8th over - 3 runs, 2 hits, 0 errors, 3 left on base; Nashville 7 - Omaha 3 |
| TOP OF THE 9TH |
|
Nashville Sounds batting - Pitching for Omaha Storm Chasers : RHP Brandon Ferrari
|
|
Pitching: RHP Brian Straub
|
|
|
Now at 2B: Francisco Gutierrez
|
|
|
Now at 3B: Ken Postlethwaite
|
|
|
Now at SS: Josh Stinnett
|
|
|
Now in CF: Danny Bailey
|
|
|
Batting: RHB Wade Diamond
|
0-0: Foul Ball, location: 2F 0-1: Ball 1-1: Swinging Strike 1-2: Strikes out swinging
|
|
Batting: RHB Eduardo Chavez
|
0-0: Ball 1-0: Ball 2-0: Reached on error, E5 (Groundball, 5, EV 101.9 MPH)
|
|
Batting: SHB D.J. Codd
|
0-0: Called Strike 0-1: Swinging Strike 0-2: Ball 1-2: Foul Ball, location: 2F 1-2: Ball 2-2: Strikes out swinging
|
|
Batting: LHB Zachary DeLuca
|
0-0: Called Strike Eduardo Chavez steals 2nd base 0-1: Foul Ball, location: 2F 0-2: Ball 1-2: Strikes out swinging
|
| Top of the 9th over - 0 runs, 0 hits, 1 error, 1 left on base; Nashville 7 - Omaha 3 |
| BOTTOM OF THE 9TH |
|
Omaha Storm Chasers batting - Pitching for Nashville Sounds : RHP Elijah Everett
|
|
Pitching: RHP Andrew Douglas
|
|
|
Batting: LHB Chris Eaker
|
0-0: Ball 1-0: Foul Ball, location: 2F 1-1: SINGLE (Groundball, 4MD, EV 108.8 MPH)
|
|
Batting: LHB Jim Pankratz
|
0-0: Swinging Strike 0-1: Called Strike 0-2: Foul Ball, location: 2F 0-2: Strikes out swinging
|
|
Batting: LHB Robby Diaz
|
0-0: Ball 1-0: Foul Ball, location: 2F 1-1: Grounds into double play, U6-3 (Groundball, 4MD, EV 91.9 MPH)
|
| Bottom of the 9th over - 0 runs, 1 hit, 0 errors, 0 left on base; Nashville 7 - Omaha 3 |
|